 Dungeon Crawl Stone Soup version 0.29.1-15-g9cfb28693d (webtiles) character file.

Game seed: 8866293152619926301

437 dudediamond6 the Cleaver (level 6, 0/51 HPs)
             Began as a Minotaur Berserker on Feb 21, 2023.
             Was a Believer of Trog.
             Slain by a quokka (3 damage)
             ... summoned by Eustachio
             ... on level 4 of the Dungeon.
             The game lasted 00:05:19 (3400 turns).

dudediamond6 the Cleaver (Minotaur Berserker)       Turns: 3400, Time: 00:05:20

Health: 0/51       AC: 10    Str: 23    XL:     6   Next: 69%
Magic:  5/5        EV:  8    Int:  4    God:    Trog [**....]
Gold:   136        SH:  0    Dex: 10    Spells: 5/5 levels left

rFire   . . .      SeeInvis .   a - +0 hand axe
rCold   . . .      Faith    .   (no shield)
rNeg    . . .      Spirit   .   b - +0 chain mail
rPois   .          Reflect  .   (helmet restricted)
rElec   .          Harm     .   (no cloak)
rCorr   .          Rampage  .   h - +1 pair of gloves
Will    .....                   (no boots)
Stlth   ..........              (no amulet)
HPRegen 0.17/turn               (no ring)
MPRegen 0.09/turn               (no ring)

@: confused, ambrosia-drunk, on berserk cooldown, slowed, very slow
A: horns 2, retaliatory headbutt
a: Renounce Religion, Berserk, Trog's Hand


You were on level 4 of the Dungeon.
You worshipped Trog.
Trog was pleased with you.
You visited 1 branch of the dungeon, and saw 4 of its levels.

You collected 136 gold pieces.

Inventory:

Hand Weapons
 a - a +0 hand axe (weapon)
Missiles
 e - a throwing net (quivered)
Armour
 b - a +0 chain mail (worn)
 h - a +1 pair of gloves (worn)
Jewellery
 c - a ring of magical power
Scrolls
 d - a scroll of poison


   Skills:
 - Level 3.6 Fighting
 - Level 8.0 Axes
 - Level 2.4 Armour
 - Level 2.1 Dodging
 + Level 3.2 Stealth


You had 5 spell levels left.
You didn't know any spells.
Your spell library was empty.

Dungeon Overview and Level Annotations

Branches:
Dungeon (4/15)
 Temple: D:4-7

Altars:

Shops:
D:3 [

Annotations:
D:4 Eustachio


Innate Abilities, Weirdness & Mutations

You have a pair of horns on your head.
You reflexively headbutt those who attack you in melee.


Message History

You slash the gnoll!
You kill the gnoll!
Trog accepts your kill. The gnoll closely misses you.
Eustachio casts a spell.
The gnoll hits you but does no damage.
Found an escape hatch in the ceiling.
The gnoll closely misses you.
Things that are here:
a +0 halberd; a gnoll corpse You closely miss the gnoll.
The gnoll hits you but does no damage. The quokka closely misses you.
You hit Eustachio.
You headbutt Eustachio, but do no damage.
Eustachio is almost dead.
You closely miss the quokka. You hit the gnoll.
The gnoll hits you but does no damage.
Eustachio hits you with a +1 falchion of holy wrath.
* * * LOW HITPOINT WARNING * * *
The quokka bites you but does no damage.
Eustachio casts a spell.
Eustachio blinks!
The gnoll hits you but does no damage.
The quokka bites you but does no damage.
You barely miss the gnoll.
The gnoll is lightly wounded.
You closely miss the quokka. You closely miss the rat. The quokka bites you.
* * * LOW HITPOINT WARNING * * *
The rat bites you but does no damage. The gnoll hits you but does no damage.
Eustachio mumbles some strange words.
Unknown command.
You are confused.
You feel invigorated.
The quokka bites you but does no damage.
The rat closely misses you.
Eustachio yells, "Perjured traitor, DIE!"
The gnoll hits you with a +0 halberd.
* * * LOW HITPOINT WARNING * * *
The quokka bites you.
* * * LOW HITPOINT WARNING * * *
The quokka bites you.
You die...

#.....<....#
...........
##...5....#
#....@....#
#.........+
#.:.......#
#.:..g.?..##
#..)@.......
##.rrr.....P
#........~.
####.†..##..~P
#....#### P~.
..# #..).# ~.
P. ##..### P..
#....### .
##.#...## .#


You could see Eustachio, a gnoll, a shadow imp (summoned), 2 quokkas and a rat
(summoned).

Vanquished Creatures
  An ogre (D:4)
  A scorpion (D:3)
  2 hounds (D:4)
  An iguana (D:3)
  3 gnolls (D:4)
  8 adders
  A shadow imp (D:3)
  A worm (D:3)
  5 dart slugs
  8 orcs
  7 ball pythons
  2 bats
  5 endoplasms
  5 giant cockroaches
  10 goblins
  6 hobgoblins
  3 jackals (D:1)
  5 kobolds
  2 quokkas (D:3)
  2 frilled lizards (D:2)
  7 rats (D:2)
85 creatures vanquished.

Notes
Turn   | Place    | Note
-------+----------+-------------------------------------------
     0 | D:1      | dudediamond6 the Minotaur Berserker began the quest for the
                  | Orb.
     0 | D:1      | Reached XP level 1. HP: 19/19 MP: 0/0
    77 | D:1      | Reached skill level 4 in Axes
   137 | D:1      | Reached XP level 2. HP: 22/26 MP: 1/1
   919 | D:1      | Reached skill level 5 in Axes
   919 | D:1      | Reached XP level 3. HP: 29/31 MP: 2/2
  1043 | D:2      | Found a faded altar of an unknown god.
  1093 | D:2      | Reached ** piety under Trog
  1266 | D:2      | Reached XP level 4. HP: 33/39 MP: 3/3
  1475 | D:2      | Reached skill level 6 in Axes
  1600 | D:2      | Reached skill level 1 in Stealth
  1837 | D:3      | Found Deimmir's Antique Armour Boutique.
  2136 | D:3      | Reached XP level 5. HP: 45/45 MP: 4/4
  2233 | D:3      | Reached skill level 7 in Axes
  3367 | D:4      | Noticed Eustachio
  3368 | D:4      | Noticed an ogre
  3375 | D:4      | Killed an ogre
  3376 | D:4      | Reached skill level 8 in Axes
  3376 | D:4      | Reached XP level 6. HP: 50/51 MP: 5/5
  3399 | D:4      | HP: 1/51 [quokka[Eustachio] (3)]
  3400 | D:4      | Slain by a quokka

Illustrated notes

Levels and vault maps discovered:
D:1:      dpeg_arrival_connections, layout_basic
D:2:      minmay_chambers_of_twos, layout_basic, shapermc_ecumenical_altar_venn,
          kennysheep_generic_room_11
D:3:      layout_basic, serial_curves, eino_curves_01, eino_curves_03,
          serial_shops, shop
D:4:      layout_rooms, dreamdust_gnoll_farm, uniq_eustachio, uniq_duvessa,
          uniq_sigmund

Skill      XL: |  1  2  3  4  5  6 |
---------------+-------------------+-----
Axes           | 4 5 6 8 |  8.0
Stealth        | 1 2 3 |  3.2
Fighting       | |  3.6
Armour         | |  2.4
Dodging        | |  2.1

Action                   |  1- 3 |  4- 6 || total
-------------------------+-------+-------++-------
Melee: Hand axe          |    63 |   121 ||   184
       Headbutt          |    10 |    16 ||    26
Invok: Berserk           |       |     2 ||     2
       Trog's Hand       |       |     1 ||     1
  Use: Scroll            |     4 |     4 ||     8
       Potion            |     2 |     1 ||     3
 Stab: Sleeping          |     1 |       ||     1
Armor: Animal skin       |     3 |       ||     3
       Chain mail        |    25 |    85 ||   110
       Ring mail         |     1 |       ||     1
Dodge: Dodged            |    32 |    67 ||    99
